Map: 필러스 오브 골드 - 래더

Players

Zoun

  • Race: Protoss Protoss
  • Spawn Location: 7:00

Scarlett - Winner!

  • Race: Zerg Zerg
  • Spawn Location: 1:00

Event: StayAtHome Story Cup #3

VOD

Have the link to the VOD?

Description

Time

  • Played on: March 11, 2021, 7:16 a.m.
  • Length: 9:33

All games in this series

Show
View Real Time Build Order
Export as new Build Order

Zoun Protoss 

Build Orders: 1 Gate Expand, Oracle Opening 

Get SALT Encoding   

  12  0:00  Probe  
  13  0:12  Probe  
  14  0:19  Pylon  
  14  0:24  Probe  
  15  0:37  Probe (Chrono Boost)  
  15  0:41  Gateway  
  16  0:47  Probe (Chrono Boost)  
  17  0:51  Assimilator  
  17  0:53  Probe  
  18  1:05  Probe  
  19  1:17  Probe  
  20  1:28  Nexus  
  20  1:38  Cybernetics Core  
  20  1:41  Probe  
  20  1:46  Assimilator  
  21  1:53  Probe  
  22  1:56  Pylon  
  22  2:06  Probe  
  23  2:11  Adept (Chrono Boost)  
  23  2:14  Warp Gate  
  25  2:18  Probe  
  26  2:30  Probe (Chrono Boost)  
  26  2:32  Stargate  
  26  2:36  Adept  
  29  2:40  Probe (Chrono Boost)  
  29  2:43  Probe (Chrono Boost)  
  31  2:50  Probe (Chrono Boost)  
  31  2:51  Probe (Chrono Boost)  
  33  2:55  Probe (Chrono Boost)  
  34  3:01  Probe  
  35  3:07  Probe, Void Ray (Chrono Boost)  
  36  3:13  Probe  
  41  3:20  Probe  
  41  3:23  Gateway  
  41  3:25  Probe, Pylon  
  43  3:32  Probe  
  44  3:37  Probe  
  44  3:40  Oracle (Chrono Boost)  
  45  3:44  Probe  
  49  3:49  Probe  
  50  3:56  Probe  
  50  4:00  Nexus  
  50  4:02  Pylon  
  51  4:03  Probe  
  51  4:07  Assimilator  
  51  4:08  Probe, Assimilator  
  53  4:13  Stargate  
  53  4:18  Probe  
  53  4:20  Probe, Shield Battery, Void Ray  
  55  4:31  Probe  
  60  4:38  Probe  
  61  4:43  Probe, Robotics Facility  
  61  4:44  Forge  
  62  4:48  Pylon  
  62  5:00  Void Ray  
  62  5:06  Probe x2, Void Ray  
  72  5:14  Probe (Chrono Boost)  
  72  5:18  Probe x2 (Chrono Boost)  
  75  5:25  Pylon  
  75  5:26  Probe (Chrono Boost)  
  75  5:28  Probe x2 (Chrono Boost)  
  78  5:31  Probe (Chrono Boost), Protoss Air Weapons Level 1  
  78  5:33  Probe x2 (Chrono Boost)  
  81  5:38  Robotics Bay  
  81  5:39  Void Ray (Chrono Boost)  
  82  5:46  Photon Cannon  
  82  5:47  Photon Cannon  
  88  5:54  Pylon, Adept  
  88  5:55  Zealot  
  88  5:56  Shield Battery, Void Ray (Chrono Boost)  
  93  6:06  Photon Cannon  
  93  6:08  Shield Battery x2  
  93  6:12  Photon Cannon  
  93  6:18  Immortal  
  97  6:21  Zealot x2  
  101  6:28  Void Ray  
  95  6:41  Zealot x2  
  92  6:47  Photon Cannon  
  92  6:48  Shield Battery  
  92  6:50  Void Ray  
  74  7:03  Immortal, Stalker x2  
  82  7:08  Shield Battery  
  82  7:09  Shield Battery  
  82  7:15  Shield Battery  
  80  7:20  Void Ray  
  76  7:26  Shield Battery  
  76  7:29  Pylon  
  71  7:30  Stalker  
  71  7:32  Sentry  
  75  7:42  Immortal  
  67  7:58  Zealot, Sentry  
  59  8:01  Probe  
  59  8:03  Probe  
  59  8:15  Void Ray (Chrono Boost)  
  59  8:19  Zealot  
  60  8:21  Zealot  
  63  8:29  Void Ray (Chrono Boost)  
  63  8:30  Probe x2  
  63  8:31  Shield Battery  
  51  8:34  Shield Battery  
  49  8:42  Zealot  
  49  8:43  Zealot  
  42  8:56  Immortal (Chrono Boost)  
  41  9:03  Zealot  
  41  9:09  Zealot  
  41  9:19  Probe  
Show
View Real Time Build Order
Export as new Build Order

Scarlett Zerg - Winner!

Build Orders: Hatch First 

Get SALT Encoding   

  12  0:00  Drone  
  13  0:12  Overlord  
  13  0:17  Drone  
  14  0:30  Drone x2  
  16  0:45  Drone  
  17  0:53  Hatchery  
  17  0:56  Drone  
  17  1:00  Drone  
  18  1:12  Extractor  
  18  1:16  Spawning Pool  
  16  1:19  Drone  
  16  1:25  Drone  
  18  1:29  Drone  
  19  1:39  Drone  
  20  1:49  Drone  
  21  2:01  Overlord  
  21  2:04  Queen x2  
  21  2:05  Drone  
  26  2:12  Zergling x2  
  27  2:16  Drone, Metabolic Boost  
  27  2:22  Drone  
  29  2:27  Drone  
  30  2:36  Zergling x2  
  31  2:43  Hatchery  
  30  2:47  Drone  
  30  2:48  Overlord  
  30  2:51  Drone  
  32  2:54  Queen  
  34  3:00  Drone x2  
  36  3:11  Drone x2  
  38  3:17  Spore Crawler  
  38  3:20  Drone x3, Overlord  
  38  3:21  Queen  
  43  3:28  Overlord  
  43  3:29  Drone  
  44  3:39  Drone  
  45  3:42  Drone, Queen  
  45  3:47  Drone x2, Overlord  
  50  3:54  Queen  
  50  3:55  Spore Crawler  
  51  3:58  Drone x3  
  51  4:01  Drone  
  55  4:03  Drone  
  55  4:04  Drone x2  
  55  4:06  Drone x2  
  60  4:14  Overlord  
  60  4:16  Zergling x2  
  60  4:17  Zergling x2  
  62  4:19  Queen  
  62  4:22  Drone x2  
  66  4:24  Overlord  
  66  4:39  Roach Warren  
  66  4:40  Extractor x2, Drone x8  
  71  4:48  Overlord  
  71  4:49  Queen x2  
  75  4:57  Overlord x2  
  75  5:06  Spore Crawler  
  75  5:07  Drone x9  
  75  5:13  Spore Crawler  
  80  5:15  Overlord  
  80  5:24  Roach x6  
  92  5:31  Roach x4  
  100  5:39  Zergling x4, Roach x2  
  100  5:42  Queen  
  108  5:45  Ravager x3  
  108  5:49  Overlord x2  
  111  5:53  Zergling x2, Ravager  
  111  5:54  Zergling x2  
  114  5:59  Overlord  
  112  6:04  Ravager  
  112  6:05  Overlord  
  112  6:07  Queen x2  
  112  6:09  Zergling x14  
  112  6:11  Ravager  
  125  6:13  Zergling x4  
  125  6:19  Zergling x2  
  125  6:20  Zergling x6  
  127  6:38  Zergling x2, Roach  
  127  6:39  Zergling x4  
  128  6:43  Queen x2  
  123  6:47  Zergling x8, Roach  
  123  6:53  Roach x5  
  122  6:59  Roach  
  116  7:04  Zergling x2  
  116  7:05  Queen, Zergling x2  
  116  7:06  Ravager  
  116  7:07  Ravager x2  
  123  7:14  Roach x3  
  127  7:18  Queen  
  127  7:19  Queen  
  129  7:24  Roach x2  
  129  7:30  Roach  
  129  7:31  Roach  
  133  7:37  Roach x2  
  133  7:40  Queen  
  136  7:44  Zergling x12, Roach x3  
  137  7:54  Queen x2  
  136  8:02  Ravager  
  136  8:04  Zergling x8, Roach  
  141  8:07  Ravager  
  142  8:16  Queen  
  142  8:17  Zergling x2  
  133  8:30  Queen, Roach x7  
  133  8:31  Queen  
  142  8:36  Hatchery  
  136  8:42  Zergling x10, Roach x3  
  140  8:49  Ravager, Overlord  
  140  8:52  Queen  
  138  9:06  Roach x3  
  145  9:11  Zergling x2  
  145  9:12  Zergling x10  
Tags
 
Add a new tag
Caveats
  • Supply blocks, unpowered buildings, or Contaminate may cause inaccurate times.
  • Supply counts are checked every 10 seconds.